 Dungeon Crawl Stone Soup version 0.22-a0-254-gaf95ca0 (webtiles) character file.

1493 JeffiDaFish the Thaumaturge (level 8, -1/41 HPs)
             Began as a Deep Elf Fire Elementalist on Mar 4, 2018.
             Was an Initiate of Vehumet.
             Slain by an orc warrior
             ... wielding a +0 flail
              (22 damage)
             ... on level 6 of the Dungeon.
             The game lasted 00:15:55 (6278 turns).

JeffiDaFish the Thaumaturge (DEFE)                  Turns: 6278, Time: 00:15:57

Health: -1/41      AC:  3    Str:  5    XL:     8   Next: 51%
Magic:  1/22       EV: 15    Int: 23    God:    Vehumet [......]
Gold:   288        SH:  0    Dex: 15    Spells: 10/23 levels left

rFire    . . .     SeeInvis +   e - +2 dagger (elec)
rCold    . . .     Gourm    .   (no shield)
rNeg     . . .     Faith    .   a - +0 robe
rPois    +         Spirit   .   d - +0 helmet
rElec    .         Reflect  .   (no cloak)
rCorr    .         Harm     .   (no gloves)
MR       .....                  (no boots)
Stlth    ++........             (no amulet)
HPRegen  0.13/turn              f - ring of poison resistance
MPRegen  0.18/turn              m - ring of see invisible

@: very slightly contaminated
A: no striking features
a: Renounce Religion


You were on level 6 of the Dungeon.
You worshipped Vehumet.
Vehumet was noncommittal.
You were not hungry.

You visited 1 branch of the dungeon, and saw 6 of its levels.

You collected 288 gold pieces.

Inventory:

Hand Weapons
 e - a +2 dagger of electrocution (weapon)
Armour
 a - a +0 robe (worn)
 d - a +0 helmet (worn)
Jewellery
 f - a ring of poison resistance (left hand)
 m - a ring of see invisible (right hand)
Wands
 g - a wand of flame (22)
Scrolls
 b - 2 scrolls of identify
 o - 2 scrolls of teleportation
Potions
 h - 2 potions of heal wounds
 i - a potion of curing
 j - a potion of agility
 l - a potion of flight
 n - 2 potions of resistance
Comestibles
 c - 9 rations
 k - a chunk of flesh


   Skills:
 + Level 5.3 Dodging
 - Level 2.4 Stealth
 * Level 8.0 Spellcasting
 * Level 6.1 Conjurations
 * Level 7.1 Fire Magic


You had 10 spell levels left.
You knew the following spells:

 Your Spells              Type           Power        Failure   Level  Hunger
a - Flame Tongue          Conj/Fire      #####        1%          1    None
b - Conjure Flame         Conj/Fire      #####...     1%          3    None
c - Sticky Flame          Conj/Fire      #####...     4%          4    ###....
d - Fireball              Conj/Fire      #####.....   12%         5    #####..


Dungeon Overview and Level Annotations

Branches:
Dungeon (6/15)
 Temple: D:4-7

Altars:
Ashenzari
Dithmenos
Gozag
Okawaru
Qazlal
Uskayaw
Vehumet
Yredelemnul


Message History

Press: ? - help, Shift-Dir - straight line, f - orc warrior
Aim: an orc warrior, wielding a flail and wearing a plate armour (heavily wounded, covered in liquid flames)
Okay, then.
You hit the orc warrior but do no damage.
The orc warrior is heavily wounded.
The orc warrior burns!
The orc warrior stops burning.
The crimson imp throws a stone.
The stone barely misses you.
An orc comes into view. It is wielding a dagger of venom.
Casting: Sticky Flame (safe; 4% risk of failure)
Confirm with . or Enter, or press ? or * to list all spells.
Aiming: Sticky Flame (safe; 4% risk of failure)
Press: ? - help, Shift-Dir - straight line, f - orc priest
Aim: an orc priest, wielding a hand axe The sticky flame hits the orc priest.
The orc priest is heavily wounded.
The orc priest is covered in liquid flames!
The orc shouts!
The orc priest burns!
The orc warrior hits you with a flail!!
Ouch! That really hurt!
You die...

.... ########..# ...
#......#..##..###'###
'......#..#....#....#
#......'..+....+....#
#......#..#....#....
#......##.##..##..#
..#######.##..##..######
..# #........@.#....#
..# #......$.oo')...#
..# ####..###(o##...# #
#### #o.# ..# # ..o...
.5# # ........ .# #
########## # #


You could see an orc warrior, an orc priest (burning), an orc wizard
(invisible), a crimson imp and 2 orcs.

Vanquished Creatures
  Pikel (D:4)
  2 slaves (D:4)
  An ice beast (D:6)
  4 ogres
  A wyvern skeleton (D:6)
  A crimson imp (D:4)
  A bullfrog skeleton (D:5)
  An orc priest (D:4)
  2 hounds
  An orc wizard (D:3)
  An iguana (D:3)
  2 worker ants
  Natasha (thrice) (D:2)
  Terence (D:2)
  A hound skeleton (D:4)
  A worker ant zombie (D:4)
  4 gnolls
  5 adders
  A shadow imp (D:5)
  An adder skeleton (D:2)
  A worm (D:1)
  3 dart slugs
  4 leopard geckos
  21 orcs
  4 ball pythons
  4 giant cockroaches
  4 goblins
  7 hobgoblins
  9 jackals
  A quokka (D:4)
  3 bats
  6 frilled lizards
  2 jackal skeletons
  8 kobolds
  A quokka skeleton (D:6)
  4 rats
117 creatures vanquished.

Vanquished Creatures (others)
  A slave (D:4)
  A giant cockroach (D:4)
  2 jackals (D:4)
4 creatures vanquished.

Grand Total: 121 creatures vanquished

Notes
Turn   | Place    | Note
-------+----------+-------------------------------------------
     0 | D:1      | JeffiDaFish the Deep Elf Fire Elementalist began the quest for the Orb.
     0 | D:1      | Reached XP level 1. HP: 10/10 MP: 6/6
   240 | D:1      | Reached XP level 2. HP: 15/15 MP: 4/8
  1068 | D:1      | Reached XP level 3. HP: 18/19 MP: 10/10
  1412 | D:2      | Noticed Natasha
  1429 | D:2      | Killed Natasha
  1429 | D:2      | Reached skill level 4 in Spellcasting
  1429 | D:2      | Reached XP level 4. HP: 1/24 MP: 1/12
  1883 | D:1      | Learned a level 3 spell: Conjure Flame
  1888 | D:1      | Learned a level 4 spell: Sticky Flame
  2153 | D:2      | Noticed Natasha
  2157 | D:2      | Killed Natasha
  2157 | D:2      | Reached XP level 5. HP: 28/28 MP: 7/13
  2268 | D:2      | Noticed Terence
  2273 | D:2      | Killed Terence
  2536 | D:2      | Noticed Natasha
  2541 | D:2      | Killed Natasha
  2541 | D:2      | Reached skill level 5 in Spellcasting
  2589 | D:2      | Learned a level 5 spell: Fireball
  2758 | D:3      | Reached XP level 6. HP: 31/32 MP: 7/15
  2788 | D:3      | Reached skill level 5 in Fire Magic
  3986 | D:4      | Noticed a slave
  3993 | D:4      | Noticed a slave
  3994 | D:4      | Noticed Pikel
  4019 | D:4      | Noticed a slave
  4022 | D:4      | Killed a slave
  4075 | D:4      | Killed Pikel
  4075 | D:4      | Reached skill level 6 in Spellcasting
  4075 | D:4      | Reached XP level 7. HP: 14/36 MP: 0/19
  4168 | D:4      | Reached skill level 5 in Conjurations
  4431 | D:4      | Found a basalt altar of Yredelemnul.
  5120 | D:5      | Entered Level 5 of the Dungeon
  5124 | D:5      | Reached skill level 7 in Spellcasting
  5207 | D:5      | Reached XP level 8. HP: 38/41 MP: 15/20
  5226 | D:5      | Found an opulent altar of Gozag.
  5302 | D:5      | Reached skill level 5 in Dodging
  5307 | D:5      | Found an iron altar of Okawaru.
  5398 | D:5      | Found a shattered altar of Ashenzari.
  5401 | D:5      | Found a hide-covered altar of Uskayaw.
  5404 | D:5      | Found a stormy altar of Qazlal.
  5407 | D:5      | Found a shadowy altar of Dithmenos.
  5633 | D:5      | Found a radiant altar of Vehumet.
  5641 | D:5      | Became a worshipper of Vehumet
  6271 | D:6      | Reached skill level 8 in Spellcasting
  6278 | D:6      | Slain by an orc warrior

Vault maps used:
D:1:      dpeg_arrival_long_road
D:2:      uniq_natasha, uniq_terence
D:4:      yredelemnul_altar_generic, serial_bayou_lagoon_a, uniq_pikel
D:5:      grunt_temple_overflow_cloverleaf, fiery_altar_vehumet,
          okawaru_ov_weapons_minmay, first_ration, basic_altar
D:6:      minmay_temple_entry_statues_pillars

Skill      XL: |  1  2  3  4  5  6  7  8 |
---------------+-------------------------+-----
Conjurations   | 2 3 4 5 6 |  6.1
Spellcasting   | 4 5 6 7 8 |  8.0
Fire Magic     | 4 6 7 |  7.1
Dodging        | 3 4 5 |  5.3
Stealth        | |  2.4

Action                   |  1- 3 |  4- 6 |  7- 9 || total
-------------------------+-------+-------+-------++-------
Melee: Dagger            |    19 |    41 |    44 ||   104
       Short sword       |     6 |       |       ||     6
 Cast: Flame Tongue      |    74 |    97 |    32 ||   203
       Sticky Flame      |       |     5 |    11 ||    16
       Conjure Flame     |       |     2 |       ||     2
       Fireball          |       |       |     3 ||     3
  Use: Scroll            |     1 |     4 |     4 ||     9
       Potion            |     1 |     7 |     3 ||    11
 Stab: Sleeping          |       |     2 |       ||     2
       Distracted        |       |     1 |       ||     1
  Eat: Chunk             |     1 |     9 |     9 ||    19
Armor: Robe              |     7 |     9 |     6 ||    22
Dodge: Dodged            |    36 |    49 |    41 ||   126

Table legend:
 A = Spawn XP
 B = Non-spawn XP
 C = Spawn XP percentage of total XP
 D = Spawn monster count
 E = Non-spawn monster count
 F = Spawn count percentage of total count
 G = Total turns spent on level
                    A         B        C        D         E        F      G
               +---------+---------+-------+---------+---------+-------+---------
         Total |       0 |    2133 |   0.0 |       0 |     115 |   0.0 |  6278
               +---------+---------+-------+---------+---------+-------+---------
           D:1 |       0 |      92 |   0.0 |       0 |      28 |   0.0 |  1598
           D:2 |       0 |     247 |   0.0 |       0 |      21 |   0.0 |  1016
           D:3 |       0 |     171 |   0.0 |       0 |      32 |   0.0 |  1155
           D:4 |       0 |     777 |   0.0 |       0 |      13 |   0.0 |  1419
           D:5 |       0 |     511 |   0.0 |       0 |      12 |   0.0 |   632
           D:6 |       0 |     335 |   0.0 |       0 |       9 |   0.0 |   458
               +---------+---------+-------+---------+---------+-------+---------
